 Dungeon Crawl Stone Soup version 0.30.0-29-ga12c61a403 (webtiles) character file.

Game seed: 6438612755533932648

28 javelincjr the Grave Robber (level 2, 0/20 HPs)
             Began as a Demonspawn Necromancer on June 20, 2023.
             Slain by a goblin
             ... wielding a +0 dagger
              (1 damage)
             ... on level 2 of the Dungeon.
             The game lasted 00:05:06 (1018 turns).

javelincjr the Grave Robber (DsNe)                  Turns: 1018, Time: 00:05:08

Health: 0/20       AC:  3    Str:  8    XL:     2   Next: 96%
Magic:  5/5        EV: 11    Int: 16    God:
Gold:   25         SH:  3    Dex: 13    Spells: 4/5 levels left

rFire   . . .        k - +2 short sword (elec)
rCold   . . .        d - +0 buckler
rNeg    . . .        a - +0 robe
rPois   .            (helmet restricted)
rElec   .            (no cloak)
rCorr   .            (no gloves)
SInv    .            n - +0 pair of boots
Will    .....        (no amulet)
Stlth   ++           (no ring)
HPRegen 0.23/turn    (no ring)
MPRegen 0.09/turn

%: no passive effects
@: lethally poisoned (0 -> -1)
A: antennae 1
a: no special abilities


You were on level 2 of the Dungeon.
You visited 1 branch of the dungeon, and saw 2 of its levels.

You collected 25 gold pieces.

Inventory:

Hand Weapons
 c - a +2 dagger of venom
 k - a +2 short sword of electrocution (weapon)
Armour
 a - a +0 robe (worn)
 d - a +0 buckler (worn)
 n - a +0 pair of boots (worn)
Jewellery
 l - an amulet of faith
Scrolls
 e - a scroll of poison {unknown}
 f - 2 scrolls of identify {unknown}
 m - a scroll of noise {unknown}
Potions
 b - a potion of magic
 g - 2 potions of might {unknown}
 h - a potion of mutation {unknown}
 i - a potion of haste {unknown}
 j - a potion of lignification {unknown}
 o - a potion of curing {unknown}


   Skills:
 + Level 0.7 Fighting
 + Level 2.1 Dodging
 + Level 2.1 Stealth
 + Level 0.4 Shields
 + Level 2.2 Spellcasting
 + Level 4.5 Necromancy


You had 4 spell levels left.
You knew the following spells:

 Your Spells              Type           Power      Damage    Failure   Level
a - Necrotise             Necr           64%        1d7       4%          1

Your spell library contained the following spells:

 Spells                   Type           Power      Damage    Failure   Level
 Vampiric Draining        Necr           16%        2d7       16%         3
 Animate Dead             Necr           16%        N/A       45%         4
 Agony                    Necr           16%        N/A       80%         5


Dungeon Overview and Level Annotations

Branches:
Dungeon (2/15)

Altars:


Innate Abilities, Weirdness & Mutations

You have a pair of small antennae on your head.


Message History

The adder hisses angrily.
A goblin comes into view. It is wielding a +0 dagger.
The adder bites you but does no damage. You block the adder's attack.
Your unstable footing causes you to fumble your attack.
The goblin shouts!
The adder bites you but does no damage.
Your unstable footing causes you to fumble your attack.
You block the adder's attack.
You barely miss the adder. The adder bites you. x2
You are poisoned.
The adder poisons you!
You miss the adder.
You feel sick. The adder barely misses you.
You hit the adder.
The adder is moderately wounded.
You feel sick. The adder closely misses you.
You feel sick. The adder bites you. x2
The adder attacks as you move away! The adder bites you but does no damage.
You feel sick. You block the adder's attack. The adder barely misses you.
You are too injured to fight recklessly!
You are too injured to fight recklessly!
You barely miss the adder.
The adder is moderately wounded.
You feel sick.
You are no longer poisoned.
The adder completely misses you.
You closely miss the adder.
The adder is moderately wounded.
The adder closely misses you. The goblin hits you with a +0 dagger.
* * * LOW HITPOINT WARNING * * *
The adder bites you.
* * * LOW HITPOINT WARNING * * *
You are poisoned.
The adder poisons you!
You hit the adder.
The adder is severely wounded.
* * * LOW HITPOINT WARNING * * *
You feel sick. The adder bites you.
* * * LOW HITPOINT WARNING * * *
The goblin hits you with a +0 dagger.
You die...

## ## .. ... ♣## ♣P♣♣
#.# #~♣♣♣~♣ ~~~PP
##..#♣♣~~~~♣♣♣♣~~~~P
##♣~..♣~PP~~~~~~~~~~P~
##~~~..........@.......
#~~~P~.~~PP~~~gS~~P~~~~
#♣~~~~~.≈~~~~~≈~~~P~~P~P
P~~P~≈~.≈~~~~~~~♣~~~~~~~
~~~P≈~~.~P~♣♣♣~###♣~~♣~#
~~P≈~≈~.~~♣♣ ♣## ### #
~~≈≈≈≈≈.≈~♣ ~~≈~≈≈~.~P♣♣
♣♣~P~~≈.~~~♣


You could see an adder and a goblin.

Vanquished Creatures
  5 ball pythons (D:1)
  3 bats
  2 endoplasms
  2 giant cockroaches (D:1)
  2 goblins (D:1)
  A hobgoblin (D:1)
  4 jackals (D:1)
  2 frilled lizards (D:1)
  2 kobolds (D:1)
  2 rats (D:1)
25 creatures vanquished.

Notes
Turn   | Place    | Note
-------+----------+-------------------------------------------
     0 | D:1      | javelincjr the Demonspawn Necromancer began the quest for
                  | the Orb.
     0 | D:1      | Reached XP level 1. HP: 13/13 MP: 3/3
   199 | D:1      | Gained mutation: You have a pair of small antennae on your
                  | head. [demonic ancestry]
   199 | D:1      | Reached XP level 2. HP: 20/20 MP: 5/5
  1018 | D:2      | HP: 1/20 [adder (1)]
  1018 | D:2      | Slain by a goblin

Illustrated notes

Levels and vault maps discovered:
D:1:      evilmike_arrival_fibonacci_small, layout_basic
D:2:      layout_basic, basic_altar, kennysheep_minor_cross,
          serial_bayou_lagoon_b, uniq_sigmund

Skill      XL: |  1  2 |
---------------+-------+-----
Dodging        | 2 |  2.1
Stealth        | 2 |  2.1
Fighting       | |  0.7
Shields        | |  0.4
Spellcasting   | |  2.2
Necromancy     | |  4.5

Action                     || total
---------------------------++-------
  Melee: Dagger            ||    28
         Short sword       ||    26
   Cast: Necrotise         ||     7
   Stab: Sleeping          ||     2
 Armour: Robe              ||    11
  Dodge: Dodged            ||    24
  Block: Buckler           ||     9
